 Dungeon Sprint DCSS version 0.26-a0-1164-g1a551d6a14 (webtiles) character file.

Game seed: 10709398680159495135

2231 reriks the Imperceptible (level 9, -10/49 HPs)
             Began as a Vampire Chaos Knight on Dec 23, 2020.
             Was a Plaything of Xom.
             Killed from afar by a lindwurm (31 damage)
             ... with a blast of flame
             ... in the Dungeon (Sprint I: "Red Sonja").
             The game lasted 00:01:37 (191 turns).

reriks the Imperceptible (Vampire Chaos Knight)      Turns: 191, Time: 00:01:37

Health: -10/49     AC:  5    Str: 11    XL:     9   Next: 14%
Magic:  9/9        EV: 12    Int: 14    God:    Xom [..*...]
Gold:   495        SH:  0    Dex: 17    Spells: 8/8 levels left

rFire    . . .     SeeInvis +   i - +1 dagger (pain)
rCold    + + .     Faith    .   (no shield)
rNeg     + + +     Spirit   .   b - +2 leather armour
rPois    ∞         Reflect  .   (no helmet)
rElec    .         Harm     .   (no cloak)
rCorr    .         Rampage  .   (no gloves)
Will     .....     NoTele   +   (no boots) Stlth *+++++++++
                                (no amulet)
HPRegen  0.00/turn              (no ring)
MPRegen  0.11/turn              (no ring)

@: bloodless
A: fangs 3, see invisible, unbreathing
a: Bat Form, Revivify, Renounce Religion


You were in the Dungeon.
You worshipped Xom.
You were a toy of Xom.
You visited 1 branch You collected 495 gold pieces.

Inventory:

Hand Weapons
 a - a +0 short sword of chaos
 i - a +1 dagger of pain (weapon)
Armour
 b - a +2 leather armour (worn)
Scrolls
 h - a scroll of blinking
 k - 3 scrolls of identify {unknown}
Potions
 c - a potion of curing
 d - a potion of heal wounds
 e - a potion of haste
 f - 2 potions of magic
 g - a potion of berserk rage
 j - a potion of flight {unknown}


   Skills:
 - Level 2.6 Fighting
 - Level 3.2 Short Blades
 - Level 0.7 Armour
 - Level 2.1 Dodging
 + Level 26.8 Stealth


You had 8 spell levels left.
You didn't know any spells.
Your spell library was empty.

Dungeon Overview and Level Annotations

Branches:
Dungeon (1/1)

Altars:
Cheibriados
Dithmenos
Elyvilon
Fedhas
Gozag
Hepliaklqana
Kikubaaqudgha
Makhleb
Nemelex Xobeh
Okawaru
Qazlal
Ru
Sif Muna
Trog
Uskayaw
Vehumet
Wu Jian
Xom
Yredelemnul
Zin
The Shining One
Jiyva
Lugonu

Shops:
D *


Innate Abilities, Weirdness & Mutations

You do not regenerate when monsters are visible.
You are frail without blood (-20% HP).
You can heal yourself when you bite living creatures.
You are immune to poison.
You have razor-sharp teeth.
You have supernaturally acute eyesight. (SInv)
You can survive without breathing.


Message History

You hit the lindwurm but do no damage.
The lindwurm bites you but does no damage.
The lindwurm barely misses you. The lindwurm claws you.
You barely miss the lindwurm. You hit the lindwurm but do no damage.
The lindwurm barely misses you. The lindwurm claws you. x2
You hit the lindwurm but do no damage.
You bite the lindwurm, but do no damage.
The lindwurm bites you but does no damage.
The lindwurm barely misses you. The lindwurm closely misses you.
You hit the lindwurm.
The lindwurm is lightly wounded.
The lindwurm barely misses you. x2; The lindwurm claws you.
You hit the lindwurm.
The lindwurm is lightly wounded.
The lindwurm breathes flames at you. The blast of flame hits you!!
Ouch! That really hurt!
You die...
Xom is highly amused!

###################
#__#..'..)#.)#§§@k+
'..'..#...##'#§####
#__####)..'†§#§#
#### #####††§§# #
#+#### + # # #


You could see a lindwurm (catching breath).

Vanquished Creatures
  2 kobold demonologists (D)
  4 demonic crawlers (D)
  A slime creature (D)
  A yak (D)
  Sigmund (D)
  A floating eye (D)
  An ogre (D)
  A jelly (D)
  Ijyb (D)
13 creatures vanquished.

Notes
Turn   | Place    | Note
-------+----------+-------------------------------------------
     0 | D        | reriks the Vampire Chaos Knight began the quest for the
                  | Orb.
     0 | D        | Reached XP level 1. HP: 17/17 MP: 1/1
     2 | D        | Noticed Ijyb
    14 | D        | XOM: potion effect (might)
    17 | D        | Killed Ijyb
    17 | D        | XOM: silly message
    18 | D        | Reached skill level 8 in Stealth
    18 | D        | Reached XP level 2. HP: 20/23 MP: 2/2
    29 | D        | Noticed an ogre
    31 | D        | Killed an ogre
    32 | D        | Reached skill level 13 in Stealth
    32 | D        | Reached XP level 3. HP: 28/28 MP: 3/3
    32 | D        | Reached XP level 4. HP: 34/34 MP: 4/4
    47 | D        | Noticed Sigmund
    54 | D        | Killed Sigmund
    55 | D        | Reached skill level 17 in Stealth
    55 | D        | Reached XP level 5. HP: 31/31 MP: 5/5
    68 | D        | Found a burning altar of Makhleb.
    68 | D        | Found a viscous altar of Jiyva.
    68 | D        | Found a shimmering altar of Xom.
    68 | D        | Found a corrupted altar of Lugonu.
    68 | D        | Noticed a slime creature
    71 | D        | Killed a slime creature
    72 | D        | Reached skill level 19 in Stealth
    72 | D        | Reached XP level 6. HP: 36/36 MP: 6/6
    74 | D        | Found an ornate altar of the Wu Jian Council.
    74 | D        | Found a shimmering blue altar of Sif Muna.
    76 | D        | Found a radiant altar of Vehumet.
    81 | D        | Reached skill level 20 in Stealth
    83 | D        | Found Petualiys's General Store.
    83 | D        | Found an ancient bone altar of Kikubaaqudgha.
    83 | D        | Found a hazy altar of Hepliaklqana.
    83 | D        | Found a stormy altar of Qazlal.
    83 | D        | Found a hide-covered altar of Uskayaw.
    83 | D        | Found a blossoming altar of Fedhas.
    83 | D        | Found a bloodstained altar of Trog.
    83 | D        | Found an iron altar of Okawaru.
    83 | D        | Found a basalt altar of Yredelemnul.
    83 | D        | Found a glowing golden altar of the Shining One.
    83 | D        | Found a snail-covered altar of Cheibriados.
    83 | D        | Found a sacrificial altar of Ru.
    83 | D        | Found a glowing silver altar of Zin.
    83 | D        | Found a shadowy altar of Dithmenos.
    83 | D        | Found a white marble altar of Elyvilon.
    83 | D        | Noticed a yak
    84 | D        | Found an opulent altar of Gozag.
    85 | D        | Killed a yak
    86 | D        | Reached skill level 21 in Stealth
    86 | D        | Reached XP level 7. HP: 40/40 MP: 7/7
   119 | D        | Found a sparkling altar of Nemelex Xobeh.
   148 | D        | Noticed a kobold demonologist
   149 | D        | Noticed a kobold demonologist
   152 | D        | Reached skill level 22 in Stealth
   153 | D        | Killed a kobold demonologist
   154 | D        | Reached skill level 23 in Stealth
   155 | D        | Killed a kobold demonologist
   156 | D        | Reached skill level 24 in Stealth
   156 | D        | Reached XP level 8. HP: 45/45 MP: 8/8
   161 | D        | Noticed a demonic crawler
   161 | D        | Noticed a demonic crawler
   161 | D        | Noticed a demonic crawler
   161 | D        | Noticed a demonic crawler
   163 | D        | Killed a demonic crawler
   164 | D        | Reached skill level 25 in Stealth
   164 | D        | Killed a demonic crawler
   166 | D        | Killed a demonic crawler
   167 | D        | Reached skill level 26 in Stealth
   167 | D        | Reached XP level 9. HP: 49/49 MP: 9/9
   167 | D        | Killed a demonic crawler
   180 | D        | Noticed a lindwurm
   184 | D        | XOM: potion effect (heal wounds)
   191 | D        | Killed from afar by a lindwurm

Illustrated notes

Levels and vault maps discovered:
D:        dungeon_sprint_1 [red_sonja_temple_1, red_sonja_temple_small_1]

Skill      XL: |  1  2  3  4  5  6  7  8 |
---------------+-------------------------+-----
Stealth        | 8 13 17 19 21 24 26 | 26.8
Fighting       | |  2.6
Short Blades   | |  3.2
Armour         | |  0.7
Dodging        | |  2.1

Action                   |  1- 3 |  4- 6 |  7- 9 || total
-------------------------+-------+-------+-------++-------
Melee: Short sword       |    14 |       |       ||    14
       Bite              |     1 |       |     2 ||     3
       Dagger            |     1 |     9 |    15 ||    25
 Abil: Exsanguinate      |       |     1 |       ||     1
 Stab: Sleeping          |     1 |     3 |     7 ||    11
Armor: Leather armour    |     6 |       |     3 ||     9
Dodge: Dodged            |     3 |     3 |    10 ||    16

Table legend: (Time is in decaauts)
 A = Elapsed time spent in this place.
 B = Non-inter-level travel time spent in this place.
 C = Inter-level travel time spent in this place.
 D = Time resting spent in this place.
 E = Time spent auto-exploring this place.
 F = Levels seen in this place.
 G = Mean time per level.
                   A        B        C        D        E       F      G
               +--------+--------+--------+--------+--------+-----+--------+
         Total |    185 |    185 |      0 |      7 |      0 |   1 |  185.0 |
       Dungeon |    185 |    185 |      0 |      7 |      0 |   1 |  185.0 |
               +--------+--------+--------+--------+--------+-----+--------+

Top non-repeatable levels by time:
       D: 185 daAuts
